Map: Odyssey LE

Players

Patience

  • Race: Protoss Protoss
  • Spawn Location: 11:00

LiquidMaNa (MaNa) - Winner!

  • Race: Protoss Protoss
  • League: Master
  • Spawn Location: 5:00

Event: HomeStory Cup XVI

VOD

Have the link to the VOD?

Description

Time

  • Played on: Nov. 9, 2017, 2:26 p.m.
  • Length: 4:58

All games in this series

Show
View Real Time Build Order
Export as new Build Order

Patience Protoss 

Build Orders: Oracle Opening 

Get SALT Encoding   

  12  0:02  Probe (Chrono Boost)  
  14  0:14  Probe (Chrono Boost)  
  14  0:19  Pylon  
  14  0:26  Probe (Chrono Boost)  
  15  0:32  Probe (Chrono Boost)  
  15  0:41  Gateway, Probe (Chrono Boost)  
  16  0:48  Assimilator  
  17  0:53  Probe (Chrono Boost)  
  17  0:56  Assimilator  
  18  0:59  Probe (Chrono Boost)  
  19  1:07  Probe (Chrono Boost)  
  20  1:11  Gateway  
  21  1:19  Probe (Chrono Boost)  
  21  1:29  Cybernetics Core  
  21  1:32  Probe (Chrono Boost)  
  22  1:37  Pylon  
  22  1:44  Probe (Chrono Boost)  
  23  1:47  Warp Gate  
  23  1:57  Probe (Chrono Boost)  
  28  2:09  Stalker x2  
  28  2:12  Probe (Chrono Boost)  
  29  2:22  Pylon  
  29  2:29  Probe (Chrono Boost)  
  30  2:34  Stargate  
  30  2:39  Stalker  
  30  2:41  Stalker  
  34  2:51  Pylon  
  34  2:54  Probe (Chrono Boost)  
  34  3:09  Stalker  
  34  3:11  Stalker  
  38  3:24  Oracle  
  41  3:44  Nexus  
  41  3:53  Adept x2  
  45  4:00  Probe (Chrono Boost)  
  46  4:09  Pylon  
  46  4:11  Probe (Chrono Boost)  
  46  4:14  Oracle  
  28  4:31  Stalker  
  28  4:34  Zealot  
  20  4:40  Probe (Chrono Boost)  
Show
View Real Time Build Order
Export as new Build Order

LiquidMaNa Protoss - Winner!

Build Orders: Oracle Opening 

Get SALT Encoding   

  12  0:02  Probe (Chrono Boost)  
  14  0:14  Probe (Chrono Boost)  
  14  0:19  Pylon  
  14  0:26  Probe (Chrono Boost)  
  15  0:33  Probe (Chrono Boost)  
  15  0:40  Gateway  
  15  0:41  Probe (Chrono Boost)  
  16  0:46  Assimilator  
  17  0:53  Probe (Chrono Boost)  
  17  0:55  Assimilator  
  18  0:59  Probe (Chrono Boost)  
  19  1:08  Gateway, Probe (Chrono Boost)  
  20  1:21  Probe (Chrono Boost)  
  21  1:27  Cybernetics Core  
  22  1:33  Probe (Chrono Boost)  
  22  1:36  Pylon  
  22  1:45  Probe (Chrono Boost)  
  23  2:04  Stalker x2, Warp Gate  
  23  2:06  Probe (Chrono Boost)  
  28  2:13  Pylon  
  28  2:20  Probe (Chrono Boost)  
  29  2:24  Stargate  
  29  2:48  Nexus  
  28  2:52  Oracle  
  28  2:53  Shield Battery  
  28  3:02  Stalker  
  33  3:14  Probe (Chrono Boost)  
  34  3:20  Stalker  
  34  3:27  Probe (Chrono Boost)  
  37  3:34  Shield Battery  
  37  3:39  Probe (Chrono Boost)  
  38  3:51  Probe (Chrono Boost)  
  38  3:52  Shield Battery  
  39  3:59  Pylon  
  39  4:01  Oracle  
  42  4:05  Probe (Chrono Boost)  
  42  4:17  Shield Battery  
  42  4:19  Shield Battery  
  41  4:25  Probe (Chrono Boost)  
  39  4:36  Stalker  
  39  4:37  Stalker  
  42  4:39  Probe (Chrono Boost)  
  40  4:47  Probe (Chrono Boost)  
Tags
 
Add a new tag
Caveats
  • Supply blocks, unpowered buildings, or Contaminate may cause inaccurate times.
  • Supply counts are checked every 10 seconds.